Map: Ley Lines

Players

FinalBoss - Winner!

  • Race: Terran Terran
  • Spawn Location: 7:00

SubN

  • Race: Zerg Zerg
  • League: Diamond
  • Spawn Location: 1:00

VOD

Have the link to the VOD?

Description

Time

  • Played on: July 28, 2025, 6:14 p.m.
  • Length: 13:08
Show
View Real Time Build Order
Export as new Build Order

FinalBoss Terran - Winner!

Build Orders: Reaper Expand, Mech 

Get SALT Encoding   

  12  0:00  SCV  
  13  0:13  SCV  
  14  0:17  Supply Depot  
  14  0:25  SCV  
  15  0:39  SCV  
  15  0:40  Barracks  
  16  0:45  Refinery  
  16  0:51  SCV  
  17  1:03  SCV  
  18  1:15  SCV  
  19  1:27  Orbital Command  
  19  1:29  Reaper  
  20  1:45  Command Center  
  20  1:53  SCV  
  21  2:01  Marine  
  21  2:02  Supply Depot  
  21  2:08  SCV  
  23  2:12  Factory  
  23  2:19  Refinery  
  23  2:23  SCV  
  24  2:30  Barracks Reactor  
  24  2:35  SCV  
  25  2:47  SCV  
  26  2:58  Starport  
  26  3:00  SCV  
  26  3:03  Orbital Command  
  26  3:13  SCV  
  26  3:17  Hellion x2  
  26  3:18  Barracks Tech Lab  
  31  3:27  Orbital Command  
  31  3:37  Fusion Core  
  31  3:39  Hellion x2  
  31  3:41  SCV  
  36  3:56  SCV x2  
  38  4:10  SCV x2  
  38  4:11  Viking  
  38  4:12  Supply Depot  
  42  4:18  Supply Depot  
  42  4:19  Supply Depot  
  42  4:22  SCV x2  
  44  4:30  Hellion  
  46  4:34  Hellion, SCV x2  
  46  4:36  Supply Depot  
  50  4:46  SCV x2  
  50  4:49  Battlecruiser  
  58  4:58  SCV  
  58  4:59  SCV  
  60  5:12  Command Center  
  60  5:18  Factory  
  60  5:21  Engineering Bay, SCV x2, Factory  
  62  5:23  Refinery  
  62  5:25  Refinery  
  62  5:33  SCV x2  
  62  5:35  Armory  
  64  5:37  Armory  
  64  5:45  SCV x2  
  62  5:57  SCV x2  
  59  6:06  Hellion  
  59  6:07  Hellion  
  59  6:09  Factory Tech Lab, SCV x2  
  59  6:10  Factory Tech Lab  
  59  6:11  Neosteel Armor  
  65  6:13  Marine  
  66  6:21  SCV x2  
  66  6:25  Terran Vehicle Weapons Level 1, Terran Vehicle And Ship Armor Level 1  
  68  6:30  Command Center  
  68  6:31  Marine  
  69  6:35  SCV x2  
  71  6:42  Siege Tank  
  71  6:46  Siege Tank  
  77  6:48  Orbital Command, SCV x2  
  77  6:49  Marine  
  73  7:01  SCV x2  
  73  7:06  Refinery  
  73  7:07  Marine  
  75  7:11  Infernal Pre-Igniter  
  75  7:12  Smart Servos  
  75  7:13  SCV x2  
  75  7:14  Refinery, Orbital Command  
  77  7:24  Marine  
  77  7:25  SCV x2  
  79  7:42  SCV x3  
  82  7:47  SCV  
  82  7:48  Hellion x2  
  87  7:56  Bunker  
  87  7:58  Supply Depot  
  87  7:59  SCV x2  
  87  8:00  Supply Depot  
  87  8:02  Command Center  
  89  8:06  Supply Depot  
  89  8:07  Thor x2  
  89  8:09  Hi-Sec Auto Tracking  
  89  8:11  SCV x2  
  103  8:13  Refinery  
  103  8:20  SCV  
  103  8:21  Sensor Tower  
  103  8:23  SCV  
  105  8:28  Supply Depot  
  105  8:30  Supply Depot  
  105  8:31  SCV  
  106  8:36  Terran Vehicle Weapons Level 2, SCV x2  
  106  8:37  Terran Vehicle And Ship Armor Level 2  
  108  8:43  SCV  
  109  8:48  SCV  
  109  8:49  SCV  
  109  8:52  Supply Depot  
  109  8:54  Supply Depot, Planetary Fortress  
  111  8:56  Refinery  
  111  8:57  SCV  
  111  9:01  SCV  
  113  9:08  Hellion x2, Refinery  
  117  9:19  Cyclone, Siege Tank  
  117  9:20  Mag-Field Accelerator  
  123  9:25  Factory  
  123  9:26  Factory  
  123  9:29  Factory  
  123  9:30  Command Center  
  123  9:39  SCV  
  123  9:40  SCV x2  
  123  9:45  Hellion x2  
  130  10:07  Siege Tank x2  
  130  10:10  Factory Tech Lab x2  
  136  10:15  Refinery  
  135  10:30  Factory Tech Lab, Siege Tank x2  
  141  10:37  SCV  
  141  10:40  Command Center  
  142  10:43  Missile Turret  
  142  10:46  Missile Turret  
  142  10:47  Missile Turret  
  142  10:49  Missile Turret  
  142  10:50  Missile Turret x2  
  142  10:55  Missile Turret x3, Siege Tank  
  142  10:56  Siege Tank x2  
  151  10:57  Hellion  
  151  10:58  Hellion  
  155  11:13  Refinery  
  155  11:15  Refinery  
  155  11:18  Command Center  
  155  11:24  Siege Tank  
  155  11:25  Siege Tank  
  161  11:26  Hellion x2  
  162  11:39  Siege Tank x2  
  168  11:40  Hellion  
  168  11:46  Planetary Fortress  
  170  11:48  Hellion  
  172  11:57  Thor x2  
  148  12:32  Hellion x2  
Show
View Real Time Build Order
Export as new Build Order

SubN Zerg 

Build Orders: Hatch First 

Get SALT Encoding   

  12  0:00  Drone  
  13  0:13  Overlord  
  13  0:20  Drone  
  14  0:32  Drone x2  
  16  0:51  Drone, Hatchery  
  16  0:55  Drone  
  17  0:59  Drone  
  18  1:04  Extractor  
  17  1:15  Spawning Pool  
  16  1:19  Drone  
  16  1:21  Drone  
  18  1:29  Drone  
  19  2:03  Queen  
  19  2:04  Queen  
  19  2:05  Zergling x6  
  19  2:06  Zergling x2  
  27  2:14  Metabolic Boost  
  27  2:17  Overlord  
  27  2:23  Overlord  
  27  2:29  Drone  
  26  2:49  Queen  
  28  2:54  Drone x2  
  28  2:56  Drone x3  
  36  3:12  Drone x3  
  35  3:25  Drone x2  
  35  3:26  Drone x4  
  41  3:33  Overlord  
  40  3:47  Extractor  
  39  3:51  Hatchery  
  37  3:58  Queen  
  39  4:03  Drone x2  
  39  4:06  Roach Warren  
  40  4:12  Evolution Chamber  
  39  4:25  Zergling x4  
  39  4:26  Zergling x4  
  43  4:34  Drone x3  
  43  4:35  Drone x4  
  50  4:41  Zerg Missile Weapons Level 1  
  50  4:44  Lair  
  50  4:48  Baneling Nest  
  50  4:50  Overlord  
  49  4:54  Overlord  
  49  5:12  Queen  
  51  5:16  Drone x8  
  51  5:19  Extractor  
  51  5:20  Extractor  
  57  5:23  Drone  
  58  5:30  Evolution Chamber  
  58  5:32  Spine Crawler  
  56  5:43  Drone x2  
  56  5:44  Drone  
  56  5:46  Glial Reconstitution, Centrifugal Hooks  
  58  6:04  Overlord  
  58  6:05  Overlord  
  58  6:11  Zerg Melee Weapons Level 1  
  58  6:13  Pneumatized Carapace  
  58  6:14  Overlord x2  
  58  6:21  Infestation Pit  
  58  6:23  Drone x12  
  69  6:47  Queen  
  69  6:48  Overlord x3  
  69  6:49  Overlord  
  69  6:51  Overlord  
  69  6:53  Zergling x6  
  72  7:02  Queen  
  72  7:04  Drone x3  
  72  7:05  Drone x3  
  72  7:06  Drone x2  
  72  7:33  Drone x4  
  72  7:34  Drone x4  
  77  7:41  Spire  
  75  7:46  Extractor  
  75  7:48  Extractor  
  73  7:54  Zerg Missile Weapons Level 2  
  73  7:59  Queen  
  73  8:00  Drone x2  
  73  8:01  Hatchery  
  73  8:02  Drone  
  73  8:03  Spore Crawler  
  76  8:17  Drone x3  
  76  8:18  Drone x3  
  82  8:24  Hive  
  82  8:28  Roach x4  
  82  8:30  Overseer  
  90  8:35  Zerg Ground Armor Level 1  
  90  8:47  Roach x2  
  94  8:50  Ravager  
  94  8:51  Ravager  
  94  8:53  Drone, Corruptor x4  
  94  8:54  Corruptor x3  
  94  8:55  Corruptor  
  113  9:02  Zergling x6  
  116  9:06  Zergling x8  
  120  9:10  Overlord x2  
  120  9:11  Overlord  
  120  9:14  Queen  
  122  9:27  Roach x2  
  122  9:28  Roach  
  122  9:30  Zergling x2  
  122  9:31  Zergling x14  
  136  9:34  Baneling x8  
  136  9:35  Baneling  
  136  9:36  Baneling  
  136  9:40  Drone x4  
  140  10:01  Viper  
  143  10:13  Overlord  
  143  10:14  Overlord x3  
  138  10:28  Zergling x2  
  138  10:29  Zergling x8  
  138  10:31  Overlord x4  
  143  10:37  Viper x2  
  143  10:41  Overseer  
  149  10:43  Overseer  
  149  10:46  Roach  
  149  10:47  Roach x9  
  169  10:53  Drone x2  
  171  10:57  Zerg Flyer Weapons Level 1  
  171  11:04  Drone  
  171  11:06  Drone x3  
  171  11:07  Drone x3  
  171  11:10  Extractor  
  171  11:11  Extractor  
  176  11:26  Baneling x9  
  176  11:27  Baneling x10  
  176  11:28  Zergling x6  
  176  11:29  Zergling x20  
  154  11:48  Zergling x20  
  121  12:26  Roach x9  
  121  12:27  Roach x11  
  111  13:04  Hatchery  
Tags
 
Composition
Mech
League
Diamond
Matchup
TvZ
Replay Pack
Multiplayer
Spawn Locations
Cross Positions
Add a new tag
Caveats
  • Supply blocks, unpowered buildings, or Contaminate may cause inaccurate times.
  • Supply counts are checked every 10 seconds.